 Dungeon Crawl Stone Soup version 0.27-a0-1242-ge70438ac7b (webtiles) character file.

Game seed: 14806355338082051728

1382 Glokmah the Caller (level 8, -7/60 HPs)
             Began as a Merfolk Summoner on June 9, 2021.
             Was a Believer of Dithmenos.
             Killed from afar by a steam dragon (16 damage)
             ... with a ball of steam
             ... on level 6 of the Dungeon.
             The game lasted 00:17:12 (8467 turns).

Glokmah the Caller (Merfolk Summoner)               Turns: 8467, Time: 00:17:13

Health: -7/60      AC:  6    Str: 14    XL:     8   Next: 67%
Magic:  1/13       EV: 18    Int: 17    God:    Dithmenos [**....]
Gold:   282        SH:  0    Dex: 20    Spells: 8/14 levels left

rFire    . . .     SeeInvis .   a - +1 trident
rCold    . . .     Faith    .   (no shield)
rNeg     . . .     Spirit   .   t - +1 animal skin
rPois    .         Reflect  .   u - +0 helmet
rElec    .         Harm     .   v - +0 cloak
rCorr    .         Rampage  .   q - +0 pair of gloves
Will     .....                  (boots currently unavailable)
Stlth    ++++......             (no amulet)
HPRegen  0.20/turn              j - +6 ring of strength
MPRegen  0.13/turn              c - +6 ring of dexterity

@: wreathed by umbra, very quick
A: nimble swimmer 2, mertail
a: Renounce Religion, Shadow Step


You were on level 6 of the Dungeon.
You worshipped Dithmenos.
Dithmenos was pleased with you.
You visited 1 branch of the dungeon, and saw 6 of its levels.

You collected 282 gold pieces.

Inventory:

Hand Weapons
 a - a +1 trident (weapon)
Missiles
 d - 116 stones
 s - 12 boomerangs
 A - 4 atropa-tipped darts
 C - 2 throwing nets
Armour
 q - a +0 pair of gloves (worn)
 t - a +1 animal skin (worn)
 u - a +0 helmet (worn)
 v - a +0 cloak (worn)
Jewellery
 c - a +6 ring of dexterity (right hand)
 j - a +6 ring of strength (left hand)
 m - a ring of flight
 z - a ring of protection from fire
Wands
 o - a wand of flame (16)
 y - a wand of iceblast (9)
Scrolls
 b - a scroll of teleportation
 e - a scroll of magic mapping {unknown}
 f - a scroll of vulnerability
 h - a scroll of enchant weapon
Potions
 g - 2 potions of curing
 l - a potion of haste {unknown}
 n - 2 potions of magic
 r - 3 potions of degeneration
 B - a potion of attraction {unknown}


   Skills:
 + Level 3.8 Fighting
 * Level 6.1 Polearms
 - Level 5.0 Dodging
 - Level 2.1 Stealth
 + Level 3.8 Spellcasting
 * Level 6.6 Summonings
 * Level 3.5 Air Magic


You had 8 spell levels left.
You knew the following spells:

 Your Spells              Type           Power      Damage    Failure   Level
b - Call Imp              Summ           26%        N/A       1%          2
c - Summon Lightning Spi  Summ/Air       20%        N/A       21%         4

Your spell library contained the following spells:

 Spells                   Type           Power      Damage    Failure   Level
 Summon Small Mammal      Summ           100%       N/A       1%          1
 Call Canine Familiar     Summ           26%        N/A       3%          3
 Summon Guardian Golem    Hex/Summ       14%        N/A       12%         3
 Animate Skeleton         Necr           6%         N/A       16%         1
 Pain                     Necr           12%        1d4       16%         1
 Summon Ice Beast         Ice/Summ       14%        N/A       38%         4
 Vampiric Draining        Necr           1%         2d6       43%         3
 Animate Dead             Necr           1%         N/A       85%         4
 Agony                    Necr           3%         N/A       99%         5


Dungeon Overview and Level Annotations

Branches:
Dungeon (6/15)
 Temple: D:4-7

Altars:
Dithmenos
Gozag
Makhleb
Okawaru
Trog
Vehumet

Shops:
D:1 =


Innate Abilities, Weirdness & Mutations

You are quick and stealthy near water. (Stealth+, EV+, Speed+++)
Your lower body shifts to a powerful aquatic tail in water.


Message History

The bolt of electricity hits the ice beast!
Your lightning spire shoots out a bolt of lightning at the steam dragon!
The bolt of electricity hits the steam dragon!
A steam dragon comes into view.
Casting: Summon Lightning Spire (dangerous; 21% risk of failure)
Confirm with . or Enter, or press ? or * to list all spells.
A beastly little devil appears in a puff of flame.
The steam dragon barely misses you.
The steam dragon claws you but does no damage.
Your magical contamination has completely faded away.
Unknown command.
The steam dragon breathes steam at you. The ball of steam misses you.
Your crimson imp hits the steam dragon.
The steam dragon bites something!
The steam dragon closely misses something.
The steam dragon breathes steam at you. The ball of steam hits you!
You are engulfed in a cloud of scalding steam.
* * * LOW HITPOINT WARNING * * *
Your crimson imp blinks!
Casting: Call Imp (safe; 1% risk of failure)
Confirm with . or Enter, or press ? or * to list all spells.
An electric hum fills the air.
The steam dragon breathes steam at you. The ball of steam hits you!
* * * LOW HITPOINT WARNING * * *
Your crimson imp hits the steam dragon but does no damage.
The steam dragon breathes steam at you. The ball of steam misses you.
Your lightning spire shoots out a bolt of lightning at the steam dragon!
The bolt of electricity hits the steam dragon.
Your legs become a tail as you enter the water.
Something bites your lightning spire.
Something claws your lightning spire but does no damage.
You hit the steam dragon but do no damage.
The steam dragon is moderately wounded.
The steam dragon closely misses you. The steam dragon completely misses you.
The steam dragon breathes steam at you. The ball of steam hits you!
You die...

#..≈≈≈≈≈≈≈≈≈≈≈≈≈....#.........#
#..≈≈≈≈≈...≈≈≈≈≈....#.......###
#..≈≈≈≈≈...≈≈≈≈≈....#......##
#..≈≈≈≈≈...≈≈≈≈≈....#......#
#..≈≈≈≈≈≈≈≈≈≈≈≈≈....########
#..≈≈≈≈≈≈≈≈≈≈≈≈≈#####
+..≈≈≈≈≈≈≈≈≈≈≈)≈# ...
#..≈≈≈≈≈≈≈≈≈D)≈≈# ....
#..≈≈≈≈≈≈≈≈≈≈§@≈# #...#
#..........5.§..# #...##
###.........D.##'##+# #....#
..........Y.8.#..##..##....#
.......Y......#...#........#
..............#...#..<5....#
...####'##....#...#...5....#
8..# ....'....#.<.#..##..###
...#.....#....##.##..##..#


You could see 2 steam dragons, an ice beast, a friendly lightning spire
(summoned) and a friendly crimson imp (summoned).

Vanquished Creatures
  Grinder (D:3)
  2 black bears (D:5)
  A necrophage (D:5)
  An ogre (D:5)
  A water moccasin zombie (D:5)
  2 water moccasin skeletons
  A centaur zombie (D:5)
  A hound (D:4)
  An iguana (D:4)
  A hound skeleton (D:4)
  A howler monkey zombie (D:6)
  Robin (D:4)
  4 adders
  4 gnolls (D:5)
  An ufetubus (D:6)
  A worm (D:1)
  A dart slug (D:3)
  3 orcs
  5 ball pythons
  6 endoplasms
  2 giant cockroaches
  5 goblins
  3 hobgoblins
  2 jackals (D:5)
  A quokka (D:2)
  3 bats
  3 frilled lizards
  3 kobolds
  3 rats
64 creatures vanquished.

Vanquished Creatures (collateral kills)
  A necrophage (D:6)
  A black bear (D:4)
  An ogre (D:4)
  2 centaurs (D:6)
  A gnoll sergeant (D:5)
  2 scorpions
  A crimson imp (D:3)
  A jelly (D:4)
  2 orc priests
  Jessica (D:3)
  Natasha (thrice) (D:3)
  2 orc wizards (D:4)
  3 gnolls (D:5)
  2 adders
  9 orcs
  3 bats
  2 endoplasms
  7 goblins (D:4)
  5 hobgoblins
  4 jackals
  6 ball pythons
  2 kobolds (D:1)
  A rat (D:2)
62 creatures vanquished.

Grand Total: 126 creatures vanquished

Notes
Turn   | Place    | Note
-------+----------+-------------------------------------------
     0 | D:1      | Glokmah the Merfolk Summoner began the quest for the Orb.
     0 | D:1      | Reached XP level 1. HP: 13/13 MP: 3/3
   633 | D:1      | Reached XP level 2. HP: 17/20 MP: 3/5
   636 | D:1      | Learned a level 2 spell: Call Imp
   730 | D:1      | Found Edis's Jewellery Shop.
   933 | D:1      | Found a faded altar of an unknown god.
  1531 | D:2      | Reached skill level 1 in Fighting
  1593 | D:2      | Reached XP level 3. HP: 23/26 MP: 1/6
  1949 | D:2      | Found a shadowy altar of Dithmenos.
  1962 | D:2      | Became a worshipper of Dithmenos the Shadowed
  2688 | D:3      | Reached XP level 4. HP: 27/31 MP: 1/7
  2706 | D:3      | Noticed Jessica
  3009 | D:3      | Noticed Natasha
  3019 | D:3      | Killed Natasha
  3180 | D:3      | Killed Jessica
  3281 | D:3      | Noticed Grinder
  3314 | D:3      | Paralysed by Grinder for 7 turns
  3919 | D:3      | Learned a level 4 spell: Summon Lightning Spire
  3919 | D:3      | Found a radiant altar of Vehumet.
  3920 | D:3      | Found a burning altar of Makhleb.
  3957 | D:3      | Reached skill level 1 in Polearms
  3957 | D:3      | Reached XP level 5. HP: 24/38 MP: 2/9
  4074 | D:3      | Noticed Natasha
  4090 | D:3      | Killed Natasha
  4091 | D:3      | Reached skill level 5 in Summonings
  4540 | D:3      | Noticed Natasha
  4546 | D:3      | Killed Natasha
  4558 | D:3      | Killed Grinder
  4559 | D:3      | Reached skill level 1 in Air Magic
  4559 | D:3      | Reached XP level 6. HP: 33/45 MP: 2/10
  5227 | D:4      | Noticed Robin
  5255 | D:4      | Killed Robin
  5515 | D:4      | Found an iron altar of Okawaru.
  5529 | D:4      | Reached * piety under Dithmenos
  5697 | D:4      | Reached XP level 7. HP: 50/51 MP: 1/11
  5938 | D:4      | Found a bloodstained altar of Trog.
  6155 | D:5      | Entered Level 5 of the Dungeon
  6677 | D:5      | Reached XP level 8. HP: 50/57 MP: 13/13
  6729 | D:5      | Reached skill level 5 in Dodging
  6758 | D:5      | Reached ** piety under Dithmenos
  6759 | D:5      | Reached skill level 5 in Polearms
  8362 | D:6      | Found an opulent altar of Gozag.
  8467 | D:6      | Killed from afar by a steam dragon

Illustrated notes

Levels and vault maps discovered:
D:1:      dpeg_arrival_rooms_c, layout_basic,
          hellmonk_ecumenical_altar_pennies_from_heaven, serial_shops,
          nicolae_shop_stone
D:2:      layout_loops_ring, basic_altar
D:3:      layout_basic, grunt_temple_overflow_lords_of_destruction,
          kennysheep_generic_room_9, uniq_grinder, uniq_natasha, uniq_jessica
D:4:      layout_basic, amcnicky_altar_gilded, kennysheep_mini_moat, uniq_robin
D:5:      layout_basic
D:6:      nicolae_whirlpool, layout_gridville, nicolae_gozag_seed_capital

Skill      XL: |  1  2  3  4  5  6  7  8 |
---------------+-------------------------+-----
Dodging        | 3 4 5 |  5.0
Fighting       | 1 2 3 |  3.8
Polearms       | 1 2 3 4 6 |  6.1
Summonings     | 5 6 |  6.6
Spellcasting   | 3 |  3.8
Air Magic      | 1 2 3 |  3.5
Stealth        | |  2.1

Action                   |  1- 3 |  4- 6 |  7- 9 || total
-------------------------+-------+-------+-------++-------
Melee: Short sword       |    53 |       |       ||    53
       Mace              |    16 |    15 |       ||    31
       Spear             |       |    92 |    18 ||   110
       Trident           |       |       |   126 ||   126
 Cast: Summon Small Mamm |    16 |     1 |       ||    17
       Call Imp          |    21 |    38 |    17 ||    76
       Summon Lightning  |       |     2 |    13 ||    15
Evoke: Wand              |       |     2 |       ||     2
  Use: Scroll            |       |     1 |    10 ||    11
 Stab: Sleeping          |     6 |     3 |     4 ||    13
       Distracted        |     1 |     1 |     3 ||     5
Armor: Robe              |     5 |       |       ||     5
       Leather armour    |    16 |    21 |       ||    37
       Animal skin       |       |     3 |    37 ||    40
Dodge: Dodged            |    67 |    76 |   114 ||   257

Table legend: (Time is in decaauts)
 A = Elapsed time spent in this place.
 B = Non-inter-level travel time spent in this place.
 C = Inter-level travel time spent in this place.
 D = Time resting spent in this place.
 E = Time spent auto-exploring this place.
 F = Levels seen in this place.
 G = Mean time per level.
                   A        B        C        D        E       F      G
               +--------+--------+--------+--------+--------+-----+--------+
         Total |   8503 |   7557 |    946 |   1896 |   4112 |   6 | 1417.2 |
       Dungeon |   8503 |   7557 |    946 |   1896 |   4112 |   6 | 1417.2 |
               +--------+--------+--------+--------+--------+-----+--------+

Top non-repeatable levels by time:
     D:3: 2068 daAuts
     D:2: 1802 daAuts
     D:1: 1327 daAuts
     D:5: 1200 daAuts
     D:4: 1064 daAuts
     D:6: 1039 daAuts
